 Dungeon Crawl Stone Soup version 0.30-a0-702-gdf48620a09 (webtiles) character file.

Game seed: 4760602827195923895

39 HoaS the Scratcher (level 3, -2/18 HPs)
             Began as a Felid Fighter on Jan 21, 2023.
             Killed from afar by an orc wizard (7 damage)
             ... with a magic dart
             ... on level 3 of the Dungeon.
             The game lasted 00:05:39 (1752 turns).

HoaS the Scratcher (Felid Fighter)                  Turns: 1752, Time: 00:05:39

Health: -2/18      AC:  1    Str: 20    XL:     3   Next: 28%
Magic:  4/4        EV: 18    Int:  9    God:
Gold:   1027       SH:  0    Dex: 15    Spells: 2/2 levels left
                                        Lives:  0   Deaths: 1

rFire   . . .      SeeInvis +      - Unarmed
rCold   . . .      Faith    .    (shield unavailable)
rNeg    . . .      Spirit   .    (body armour unavailable)
rPois   .          Reflect  .    (helmet unavailable)
rElec   .          Harm     .    (cloak unavailable)
rCorr   .          Rampage  .    (gloves unavailable)
Will    .....                    (boots unavailable)
Stlth   +                        (no amulet)
HPRegen 0.23/turn                b - +6 ring of strength
MPRegen 0.09/turn                (no ring)

@: quick
A: very small, claws 1, fangs 3, see invisible, speed 1, shaggy fur 1, stealthy
paws, no weapons or thrown items, no armour, multi-lived
a: no special abilities


You were on level 3 of the Dungeon.
You visited 1 branch of the dungeon, and saw 3 of its levels.

You collected 1027 gold pieces.

Inventory:

Jewellery
 b - a +6 ring of strength (left paw)
 k - a ring of magical power
Scrolls
 e - a scroll of teleportation
 h - a scroll of fear
 l - a scroll of identify
Potions
 a - a potion of might
 c - a potion of mutation
 d - a potion of lignification
 f - a potion of invisibility {unknown}
 g - 3 potions of flight {unknown}
 i - 2 potions of heal wounds {unknown}


   Skills:
 * Level 4.0 Fighting
 + Level 4.6 Dodging
 * Level 4.8 Unarmed Combat


You had 2 spell levels left.
You didn't know any spells.
Your spell library contained the following spells:

 Spells                   Type           Power      Damage    Failure   Level
 Gell's Gravitas          Tloc           0%         N/A       77%         3
 Teleport Other           Tloc           0%         N/A       77%         3
 Dispersal                Tloc           0%         N/A       100%        6


Dungeon Overview and Level Annotations

Branches:
Dungeon (3/15)

Altars:
Xom

Shops:
D:1 *


Innate Abilities, Weirdness & Mutations

You have sharp claws.
You have razor-sharp teeth.
You have supernaturally acute eyesight. (SInv)
You cover ground quickly. (Speed+)
You are covered in fur. (AC +1)
Your paws help you pounce on unaware monsters.
You are incapable of wielding weapons or throwing items.
You cannot wear armour.
You gain extra lives every three experience levels.


Message History

The orc wizard is heavily wounded.
The orc wizard hits you with a +0 falchion.
* * * LOW HITPOINT WARNING * * *
You barely miss the orc wizard.
The orc wizard is heavily wounded.
The orc wizard barely misses you.
You closely miss the orc wizard.
The orc wizard is heavily wounded.
The orc wizard completely misses you.
You barely miss the orc wizard.
The orc wizard is heavily wounded.
The orc wizard casts a spell at you. You resist with some effort.
You closely miss the orc wizard.
The orc wizard is heavily wounded.
The orc wizard misses you.
You scratch the orc wizard.
The orc wizard is severely wounded.
The orc wizard points at you and mumbles some strange words.
The magic dart hits you.
You die...
You are now level 3!
You rejoin the land of the living...
Unknown command.
The orc wizard gestures at you while chanting.
The magic dart hits you.
The orc wizard gestures at you while chanting.
The puff of flame misses you. The orc wizard completely misses you.
The orc wizard hits you with a +0 falchion.
The orc wizard hits you with a +0 falchion.
The orc wizard barely misses you.
The orc wizard gestures at you while chanting.
You resist with some effort.
The orc wizard hits you with a +0 falchion.
The orc wizard gestures wildly while chanting.
The orc wizard flickers and vanishes for a moment.
The orc wizard casts a spell at you. The magic dart hits you!
You die...

♣[.### #..##.♣.......
...# #..##.♣.....# ...#
#..##.♣...#.# ####
#.#.#...#. .#### .#
#.##....#.#.... .#
#.###.≈.#....##### .#
######.###.≈.#.........
.# #..........≈.##...#
.# #<...†)....≈o@..[##
.# #.####.###...###.#
.# #.# #.# #...# .#
.###.# #.# ##.## .#
.....# #.# #.# .#
####<# #.# #.# .# #.#
#.# #.# .# #.# #.# #.#
#.# #.#


You could see an orc wizard (invisible).

Vanquished Creatures
  An orc priest (D:3)
  An adder (D:2)
  A dart slug (D:1)
  2 orcs
  3 endoplasms
  2 giant cockroaches (D:1)
  8 goblins
  3 hobgoblins
  3 quokkas
  4 ball pythons
  7 bats
  2 frilled lizards
  3 kobolds (D:2)
  2 rats (D:1)
42 creatures vanquished.

Notes
Turn   | Place    | Note
-------+----------+-------------------------------------------
     0 | D:1      | HoaS the Felid Fighter began the quest for the Orb.
     0 | D:1      | Reached XP level 1. HP: 10/10 MP: 2/2
   140 | D:1      | Reached XP level 2. HP: 14/14 MP: 3/3
   156 | D:1      | Found Usefuohu's Assorted Antiques.
  1044 | D:2      | Reached XP level 3. HP: 9/17 MP: 4/4
  1392 | D:2      | Found a faded altar of an unknown god.
  1392 | D:2      | Noticed an eye of devastation
  1400 | D:2      | Noticed an eye of devastation
  1403 | D:2      | Noticed a golden eye
  1403 | D:2      | Noticed an eye of devastation
  1495 | D:2      | Identified a scroll of acquirement
  1495 | D:2      | Acquired 817 gold pieces
  1593 | D:3      | Reached XP level 4. HP: 13/22 MP: 5/5
  1658 | D:3      | Found a shimmering altar of Xom.
  1730 | D:3      | HP: 1/22 [orc wizard/+0 falchion (5)]
  1735 | D:3      | Killed from afar by an orc wizard
  1736 | D:3      | Reached XP level 3. HP: -4/18 MP: 4/4
  1752 | D:3      | Killed from afar by an orc wizard

Illustrated notes

Levels and vault maps discovered:
D:1:      enne_arrival_octagon_isle, layout_basic, serial_shops, shop_coins,
          st_stairs_4, due_unseen_surprise
D:2:      layout_rooms, hellmonk_ecumenical_altar_watching_god,
          minmay_tromino_i2
D:3:      layout_loops_ring, mainiacjoe_overflow_boulevard,
          kennysheep_generic_room_11

Skill      XL: |  1  2  3 |
---------------+----------+-----
Fighting       | 4 |  4.0
Dodging        | |  4.6
Unarmed Combat | |  4.8

Action                   |  1- 3 |  4- 6 || total
-------------------------+-------+-------++-------
Melee: Unarmed           |   103 |    10 ||   113
       Bite              |     5 |       ||     5
       Punch             |     1 |       ||     1
  Use: Scroll            |     7 |     1 ||     8
Armor: Skin              |     5 |       ||     5
Dodge: Dodged            |    81 |     5 ||    86

Table legend: (Time is in decaauts)
 A = Elapsed time spent in this place.
 B = Non-inter-level travel time spent in this place.
 C = Inter-level travel time spent in this place.
 D = Time resting spent in this place.
 E = Time spent auto-exploring this place.
 F = Levels seen in this place.
 G = Mean time per level.
                   A        B        C        D        E       F      G
               +--------+--------+--------+--------+--------+-----+--------+
         Total |   1476 |   1442 |     34 |    151 |    868 |   3 |  492.0 |
       Dungeon |   1476 |   1442 |     34 |    151 |    868 |   3 |  492.0 |
               +--------+--------+--------+--------+--------+-----+--------+

Top non-repeatable levels by time:
     D:1: 836 daAuts
     D:2: 432 daAuts
     D:3: 207 daAuts
